 Dungeon Crawl Stone Soup version 0.29-a0-222-g5b244fca1f (webtiles) character file.

Game seed: 2450265770422901010

893 dolemite99 the Ducker (level 8, -2/67 HPs)
             Began as a Gnoll Monk on Feb 28, 2022.
             Was an Initiate of Gozag.
             Splashed by a jelly's acid (5 damage)
             ... on level 6 of the Dungeon.
             The game lasted 00:09:13 (9536 turns).

dolemite99 the Ducker (Gnoll Monk)                  Turns: 9536, Time: 00:09:14

Health: -2/67      AC:  0    Str: 12    XL:     8   Next: 6%
Magic:  12/12      EV:  7    Int: 15    God:    Gozag
Gold:   317        SH:  0    Dex: 16    Spells: 12/12 levels left

rFire   . . .      SeeInvis .   a - +1 spear
rCold   . . .      Faith    .   (no shield)
rNeg    . . .      Spirit   .   n - +0 chain mail
rPois   .          Reflect  .   (no helmet)
rElec   .          Harm     .   e - +0 cloak
rCorr   .          Rampage  .   (no gloves)
Will    .....                   k - +0 pair of boots
Stlth   ..........              (no amulet)
HPRegen 0.21/turn               i - +6 ring of intelligence
MPRegen 0.13/turn               (no ring)

@: corroded
A: fangs 1, strong nose, distributed training, mutation resistance 1
a: Renounce Religion, Potion Petition, Call Merchant, Bribe Branch


You were on level 6 of the Dungeon.
You worshipped Gozag.
Gozag was aware of your devotion.
You visited 2 branches of the dungeon, and saw 7 of its levels.

You collected 317 gold pieces.

Inventory:

Hand Weapons
 a - a +1 spear (weapon)
 b - a +0 hunting sling
 r - a +1 flail of holy wrath
Missiles
 t - 2 boomerangs
Armour
 e - a +0 cloak (worn)
 k - a +0 pair of boots (worn)
 n - a +0 chain mail (worn)
Jewellery
 i - a +6 ring of intelligence (left hand)
Scrolls
 c - 3 scrolls of teleportation
 f - 4 scrolls of amnesia
 m - 3 scrolls of fog
 q - 2 scrolls of vulnerability {unknown}
Potions
 d - a potion of attraction
 g - 2 potions of brilliance


   Skills:
 + Level 7.2 Fighting
 + Level 2.9 Short Blades
 + Level 2.9 Long Blades
 + Level 2.9 Axes
 + Level 2.9 Maces & Flails
 + Level 7.2 Polearms
 + Level 2.9 Staves
 + Level 2.9 Slings
 + Level 2.9 Bows
 + Level 2.9 Crossbows
 + Level 2.9 Throwing
 + Level 2.9 Armour
 + Level 7.2 Dodging
 + Level 5.1 Stealth
 + Level 2.9 Shields
 + Level 2.9 Unarmed Combat
 + Level 2.9 Spellcasting
 + Level 2.3 Conjurations
 + Level 2.3 Hexes
 + Level 2.3 Summonings
 + Level 2.3 Necromancy
 + Level 2.3 Translocations
 + Level 2.3 Transmutations
 + Level 2.3 Fire Magic
 + Level 2.3 Ice Magic
 + Level 2.3 Air Magic
 + Level 2.3 Earth Magic
 + Level 2.3 Poison Magic
 + Level 3.2 Invocations
 + Level 2.9 Evocations


You had 12 spell levels left.
You didn't know any spells.
Your spell library contained the following spells:

 Spells                   Type           Power      Damage    Failure   Level
 Pain                     Necr           36%        1d5       96%         1
 Conjure Flame            Conj/Fire      9%         6-21      100%        3
 Ignite Poison            Fire/Tmut/Pois 9%         N/A       100%        3
 Sticky Flame             Conj/Fire      9%         2d3       100%        4
 Agony                    Necr           9%         N/A       100%        5
 Excruciating Wounds      Necr           4%         N/A       100%        5


Dungeon Overview and Level Annotations

Branches:
Dungeon (6/15)             Temple (1/1) D:5

Altars:
Cheibriados
Elyvilon
Gozag
Hepliaklqana
Okawaru
Ru
Sif Muna
Wu Jian
Yredelemnul

Annotations:
D:2 exclusion: downstairs
D:3 Sigmund
D:5 Dowan, Duvessa


Innate Abilities, Weirdness & Mutations

You have very sharp teeth.
Your uncanny sense of smell can sniff out nearby items.
Your experience applies equally to all skills.
You are somewhat resistant to further mutation.


Message History

The jelly hits you but does no damage.
You are too injured to fight recklessly!
You barely miss the jelly.
The jelly is heavily wounded.
The jelly hits you but does no damage.
You hit the jelly but do no damage.
Your hands burn!
You bite the jelly, but do no damage.
The jelly is heavily wounded.
You barely miss the jelly.
The jelly is heavily wounded.
The jelly hits you but does no damage.
You completely miss the jelly.
The jelly is heavily wounded.
The jelly hits you but does no damage.
You hit the jelly.
Your hands burn!
The jelly is heavily wounded.
You hit the jelly but do no damage.
Your hands burn!
Your bite misses the jelly.
The jelly is heavily wounded.
The jelly hits you.
* * * LOW HITPOINT WARNING * * *
You are splashed with acid.
* * * LOW HITPOINT WARNING * * *
You hit the jelly. The acid corrodes you!
Your hands burn!
* * * LOW HITPOINT WARNING * * *
You bite the jelly.
The jelly is severely wounded.
The jelly hits you.
* * * LOW HITPOINT WARNING * * *
You are splashed with acid.
* * * LOW HITPOINT WARNING * * *
Okay, then.
You hit the jelly but do no damage. The acid corrodes you!
Your hands burn!
* * * LOW HITPOINT WARNING * * *
You bite the jelly, but do no damage.
The jelly is severely wounded.
The jelly closely misses you.
You hit the jelly but do no damage.
Your hands burn!
You die...
Your body crumbles into a pile of gold.

###### #....# #....#
#....#
#############....####
#>...@JK.............
#.###########....####
#.# .....# #.# ......#
######.#####. ...J.###
#.....>..............
#.##########........##
#.# ........# #.#
##### $


You could see a jelly and a kobold.

Vanquished Creatures
  A water moccasin (D:4)
  2 necrophages
  An ogre (D:4)
  A phantom (D:6)
  2 orc priests
  3 jellies (D:6)
  2 iguanas (D:6)
  4 orc wizards
  4 adders
  A gnoll (D:2)
  A white imp (D:6)
  A worm (D:5)
  4 dart slugs
  13 orcs
  5 ball pythons
  7 endoplasms
  4 giant cockroaches
  11 goblins
  9 hobgoblins
  7 jackals
  5 quokkas
  7 bats
  2 frilled lizards (D:2)
  8 kobolds
  2 rats
107 creatures vanquished.

Vanquished Creatures (others)
  A goblin (D:3)
  26 plants (D:6)
27 creatures vanquished.

Grand Total: 134 creatures vanquished

Notes
Turn   | Place    | Note
-------+----------+-------------------------------------------
     0 | D:1      | dolemite99 the Gnoll Monk began the quest for the Orb.
     0 | D:1      | Reached XP level 1. HP: 23/23 MP: 1/1
   340 | D:1      | Reached XP level 2. HP: 29/29 MP: 2/2
   574 | D:1      | Reached XP level 3. HP: 31/35 MP: 3/3
  1007 | D:2      | Reached skill level 1 in Invocations
  1200 | D:2      | Reached skill level 1 in Short Blades
  1200 | D:2      | Reached skill level 1 in Long Blades
  1200 | D:2      | Reached skill level 1 in Axes
  1200 | D:2      | Reached skill level 1 in Maces & Flails
  1200 | D:2      | Reached skill level 1 in Staves
  1200 | D:2      | Reached skill level 1 in Slings
  1200 | D:2      | Reached skill level 1 in Bows
  1200 | D:2      | Reached skill level 1 in Crossbows
  1200 | D:2      | Reached skill level 1 in Throwing
  1200 | D:2      | Reached skill level 1 in Armour
  1200 | D:2      | Reached skill level 1 in Shields
  1200 | D:2      | Reached skill level 1 in Unarmed Combat
  1200 | D:2      | Reached skill level 1 in Spellcasting
  1200 | D:2      | Reached skill level 1 in Evocations
  1414 | D:2      | Reached XP level 4. HP: 33/41 MP: 5/5
  2178 | D:3      | Noticed Sigmund
  2292 | D:3      | Noticed a necrophage
  2432 | D:2      | Killed a necrophage
  2433 | D:2      | Reached skill level 1 in Conjurations
  2433 | D:2      | Reached skill level 1 in Hexes
  2433 | D:2      | Reached skill level 1 in Summonings
  2433 | D:2      | Reached skill level 1 in Necromancy
  2433 | D:2      | Reached skill level 1 in Translocations
  2433 | D:2      | Reached skill level 1 in Transmutations
  2433 | D:2      | Reached skill level 1 in Fire Magic
  2433 | D:2      | Reached skill level 1 in Ice Magic
  2433 | D:2      | Reached skill level 1 in Air Magic
  2433 | D:2      | Reached skill level 1 in Earth Magic
  2433 | D:2      | Reached skill level 1 in Poison Magic
  2433 | D:2      | Reached XP level 5. HP: 32/47 MP: 5/7
  3663 | D:4      | Reached XP level 6. HP: 37/53 MP: 8/8
  4184 | D:4      | Noticed a necrophage
  4200 | D:4      | Killed a necrophage
  4692 | D:5      | Entered Level 5 of the Dungeon
  5207 | D:5      | Found a staircase to the Ecumenical Temple.
  5213 | Temple   | Entered the Ecumenical Temple
  5241 | Temple   | Became a worshipper of Gozag Ym Sagoz the Greedy
  5766 | D:5      | Noticed Duvessa
  5775 | D:5      | Noticed Dowan
  6381 | D:5      | Noticed a water moccasin
  6390 | D:4      | Gained mutation: You are somewhat resistant to further
                  | mutation. [potion of mutation]
  6412 | D:4      | Killed a water moccasin
  6413 | D:4      | Reached XP level 7. HP: 10/60 MP: 10/10
  6418 | D:4      | HP: 3/60 [poisoned by a water moccasin]
  6421 | D:4      | HP: 1/60 [poisoned by a water moccasin]
  7917 | D:6      | Reached skill level 5 in Stealth
  8883 | D:6      | Found a basalt altar of Yredelemnul.
  9026 | D:6      | Reached XP level 8. HP: 52/67 MP: 12/12
  9535 | D:6      | HP: 3/67 [acid (1)]
  9536 | D:6      | Splashed by a jelly's acid

Illustrated notes

Levels and vault maps discovered:
D:1:      nicolae_arrival_somewhat_less_tricky_arrival, layout_basic
D:2:      layout_basic, hangedman_abyss_or_decor_stabs, grunt_decor_clamped,
          minmay_box_of_dots
D:3:      layout_rooms, minmay_surrounded, uniq_sigmund
D:4:      layout_basic
D:5:      layout_rooms, minmay_temple_entry_trees, feat_on_display, uniq_duvessa
D:6:      layout_basic, mainiacjoe_overflow_cross_hatched, serial_shops,
          kennysheep_little_box
Temple:   regret_index_temple_mists

Skill      XL: |  1  2  3  4  5  6  7 |
---------------+----------------------+-----
Invocations    | 1 2 3 |  3.2
Short Blades   | 1 2 |  2.9
Long Blades    | 1 2 |  2.9
Axes           | 1 2 |  2.9
Maces & Flails | 1 2 |  2.9
Staves         | 1 2 |  2.9
Slings         | 1 2 |  2.9
Bows           | 1 2 |  2.9
Crossbows      | 1 2 |  2.9
Throwing       | 1 2 |  2.9
Armour         | 1 2 |  2.9
Shields        | 1 2 |  2.9
Unarmed Combat | 1 2 |  2.9
Spellcasting   | 1 2 |  2.9
Evocations     | 1 2 |  2.9
Conjurations   | 1 2 |  2.3
Hexes          | 1 2 |  2.3
Summonings     | 1 2 |  2.3
Necromancy     | 1 2 |  2.3
Translocations | 1 2 |  2.3
Transmutations | 1 2 |  2.3
Fire Magic     | 1 2 |  2.3
Ice Magic      | 1 2 |  2.3
Air Magic      | 1 2 |  2.3
Earth Magic    | 1 2 |  2.3
Poison Magic   | 1 2 |  2.3
Fighting       | 7 |  7.2
Polearms       | 7 |  7.2
Dodging        | 7 |  7.2
Stealth        | 5 |  5.1

Action                   |  1- 3 |  4- 6 |  7- 9 || total
-------------------------+-------+-------+-------++-------
Melee: Spear             |   180 |   359 |   179 ||   718
       Bite              |    18 |    41 |    19 ||    78
       Punch             |     2 |     6 |     2 ||    10
 Fire: Hunting sling     |       |     9 |     2 ||    11
  Use: Scroll            |       |     5 |     1 ||     6
       Potion            |       |     6 |     3 ||     9
 Stab: Sleeping          |     7 |       |       ||     7
       Invisible         |       |     4 |       ||     4
Armor: Robe              |     1 |       |       ||     1
       Ring mail         |    55 |     1 |       ||    56
       Chain mail        |       |   200 |    70 ||   270
Dodge: Dodged            |   104 |   102 |    35 ||   241

Table legend: (Time is in decaauts)
 A = Elapsed time spent in this place.
 B = Non-inter-level travel time spent in this place.
 C = Inter-level travel time spent in this place.
 D = Time resting spent in this place.
 E = Time spent auto-exploring this place.
 F = Levels seen in this place.
 G = Mean time per level.
                   A        B        C        D        E       F      G
               +--------+--------+--------+--------+--------+-----+--------+
         Total |   9392 |   8944 |    448 |   4727 |   2613 |   7 | 1341.7 |
       Dungeon |   9327 |   8906 |    421 |   4727 |   2592 |   6 | 1554.5 |
        Temple |     64 |     37 |     27 |      0 |     21 |   1 |   64.0 |
               +--------+--------+--------+--------+--------+-----+--------+

Top non-repeatable levels by time:
     D:4: 2793 daAuts
     D:6: 1952 daAuts
     D:2: 1718 daAuts
     D:3: 1156 daAuts
     D:1: 877 daAuts
     D:5: 829 daAuts
  Temple: 64 daAuts
